 Dungeon Crawl Stone Soup version 0.29.0-11-gd7f09526c8 (webtiles) character file.

Game seed: 568082442322040957

125 freelancePsychic the Slasher (level 5, -1/64 HPs)
             Began as a Barachi Chaos Knight on Sept 3, 2022.
             Was a Plaything of Xom.
             Slain by a goblin
             ... wielding a +2 vampiric dagger
              (2 damage)
             ... on level 2 of the Dungeon.
             The game lasted 00:02:54 (1697 turns).

freelancePsychic the Slasher (Barachi Chaos Knight) Turns: 1697, Time: 00:02:55

Health: -1/64      AC: 22    Str: 14    XL:     5   Next: 9%
Magic:  5/5        EV:  2    Int: 12    God:    Xom [......]
Gold:   35         SH:  0    Dex: 13    Spells: 4/4 levels left

rFire   . . .      SeeInvis .   f - +1 short sword (venom)
rCold   . . .      Faith    .   (no shield)
rNeg    . . .      Spirit   .   (body armour currently unavailable)
rPois   +          Reflect  .   (helmet currently unavailable)
rElec   .          Harm     .   (cloak currently unavailable)
rCorr   .          Rampage  .   (gloves currently unavailable)
Will    .....      NoTele   +   (boots currently unavailable)
Stlth   +.........              (no amulet)
HPRegen 0.20/turn               (no ring)
MPRegen 0.09/turn               (no ring)

@: tree-form, unable to hop
A: stationary, stasis, torment immunity, boosted hp, (amphibious), (slowness 1),
(strong legs 1), +LOS
a: Renounce Religion


You were on level 2 of the Dungeon.
You worshipped Xom.
You were a very special plaything of Xom.
You were a tree.
You visited 1 branch of the dungeon, and saw 2 of its levels.

You collected 35 gold pieces.

Inventory:

Hand Weapons
 a - a +0 falchion of chaos
 d - a +2 short sword of protection
 f - a +1 short sword of venom (weapon)
Armour
 j - a +0 scale mail (melded)
 l - a +0 helmet (melded)
Scrolls
 e - a scroll of acquirement {unknown}
 h - a scroll of immolation {unknown}
 k - a scroll of noise {unknown}
Potions
 g - 3 potions of lignification
Miscellaneous
 c - a piece from Xom's chessboard (15/15) (quivered)


   Skills:
 + Level 4.8 Fighting
 * Level 5.9 Long Blades
 - Level 2.4 Armour
 - Level 1.1 Dodging


You had 4 spell levels left.
You didn't know any spells.
Your spell library was empty.

Dungeon Overview and Level Annotations

Branches:
Dungeon (2/15)

Altars:

Annotations:
D:2 Robin


Innate Abilities, Weirdness & Mutations

You are a tree.
Your roots penetrate the ground, keeping you stationary.
You cannot be teleported.
You are immune to unholy pain and torment.
Your maximum health is greatly increased.
Your equipment is partially melded.
((You are amphibious.))
((You cover ground slowly.))
((You can hop short distances.))
You have an extended range of vision and can be seen from far away.


Message History

Robin hits you but does no damage.
A goblin comes into view. It is wielding a +0 club.
The goblin hits you but does no damage.
You hit Robin.
Robin is lightly wounded.
Natasha claws you but does no damage. The crimson imp hits you.
* * * LOW HITPOINT WARNING * * *
A hobgoblin comes into view.
Robin says, "My army is invincible!"
The goblin hits you with a +2 vampiric dagger.
* * * LOW HITPOINT WARNING * * *
You closely miss Natasha.
Natasha is heavily wounded.
You feel less confused.
The hobgoblin shouts!
You hear a shout!
Natasha claws you.
* * * LOW HITPOINT WARNING * * *
The crimson imp blinks!
A goblin comes into view. It is wielding a +0 club. x2
The hobgoblin hits you but does no damage.
The goblin hits you but does no damage.
You hit Natasha.
Natasha looks as sick as possible!
Natasha is severely wounded.
Natasha wildly gestures.
Natasha glows brightly for a moment.
Natasha claws you but does no damage. Robin hits you with a +0 mace.
* * * LOW HITPOINT WARNING * * *
A goblin comes into view. It is wielding a +0 club.
The hobgoblin hits you but does no damage.
The goblin hits you but does no damage.
Okay, then.
You barely miss Natasha.
Natasha is severely wounded.
You kill Natasha!
You feel Natasha's spirit has finally been put to rest.
The crimson imp disappears in a puff of smoke!
The goblin hits you but does no damage.
The hobgoblin hits you but does no damage.
The goblin hits you with a +2 vampiric dagger.
You die...

#.)...
####.#...#.....#
#...#'#+###
#.##'##†.##.#
'g....g...#
#......)## ...
#....)(...###
###.###### ##.
#..[.....# #...# .
.##...$....# #†###
.........g..# #.#
#......###...####.##
#..#... #...g♣†..<#
## #... #...ggg####
#... #....g.# #...
###.g.§# #... #g...#
#....# g.....
.#.###.# ..... .#


You could see Robin, 3 hobgoblins and 6 goblins.

Vanquished Creatures
  Natasha (thrice) (D:2)
  3 adders (D:2)
  3 dart slugs
  3 endoplasms (D:1)
  2 giant cockroaches (D:1)
  4 goblins
  3 hobgoblins
  7 quokkas
  6 ball pythons
  2 bats (D:1)
  A frilled lizard (D:2)
  4 kobolds (D:1)
  2 rats (D:1)
43 creatures vanquished.

Notes
Turn   | Place    | Note
-------+----------+-------------------------------------------
     0 | D:1      | freelancePsychic the Barachi Chaos Knight began the quest
                  | for the Orb.
     0 | D:1      | Reached XP level 1. HP: 18/18 MP: 1/1
   127 | D:1      | XOM: silly message
   369 | D:1      | Reached skill level 4 in Long Blades
   405 | D:1      | Reached XP level 2. HP: 18/25 MP: 2/2
   599 | D:1      | XOM: silly message
   740 | D:1      | XOM: divination: magic mapping
   888 | D:1      | Reached XP level 3. HP: 20/30 MP: 3/3
  1235 | D:1      | XOM: silly message
  1314 | D:1      | Found a faded altar of an unknown god.
  1523 | D:2      | XOM: blink monster(s)
  1531 | D:2      | Reached skill level 5 in Long Blades
  1536 | D:2      | XOM: swap monsters
  1542 | D:2      | Reached XP level 4. HP: 34/38 MP: 4/4
  1574 | D:2      | Noticed Natasha
  1583 | D:2      | Killed Natasha
  1665 | D:2      | Noticed Natasha
  1673 | D:2      | XOM: noise
  1678 | D:2      | Killed Natasha
  1679 | D:2      | Reached XP level 5. HP: 20/43 MP: 5/5
  1681 | D:2      | Identified the +1 helmet "Oggyghak" {+Blink rElec Str+2}
  1681 | D:2      | Noticed Robin
  1681 | D:2      | Noticed Natasha
  1683 | D:2      | XOM: silly message
  1687 | D:2      | XOM: confusion
  1695 | D:2      | HP: 2/64 [Natasha (5)]
  1697 | D:2      | Killed Natasha
  1697 | D:2      | Slain by a goblin

Illustrated notes

Levels and vault maps discovered:
D:1:      saegor_arrival_simple_d, layout_basic, shapermc_ecumenical_altar_venn
D:2:      layout_basic, basic_altar, roderic_filled_cross, uniq_robin,
          uniq_natasha

Skill      XL: |  1  2  3 |
---------------+----------+-----
Long Blades    | 4 5 |  5.9
Fighting       | 4 |  4.8
Armour         | |  2.4
Dodging        | |  1.1

Action                   |  1- 3 |  4- 6 || total
-------------------------+-------+-------++-------
Melee: Short sword       |    99 |    38 ||   137
       Falchion          |     8 |       ||     8
 Abil: Hop               |       |     1 ||     1
Evoke: Piece from Xom's  |     3 |       ||     3
  Use: Scroll            |     1 |     2 ||     3
       Potion            |       |     1 ||     1
 Stab: Paralysed         |     2 |       ||     2
       Petrified         |     1 |       ||     1
Armor: Leather armour    |    25 |       ||    25
       Scale mail        |    17 |    10 ||    27
       Skin              |       |    25 ||    25
Dodge: Dodged            |    72 |     5 ||    77
